 Dungeon Crawl Stone Soup version 0.22-a0-149-g870e420 (webtiles) character file.

1 mhoghedin the Conjurer (level 1, -2/10 HPs)
             Began as a Kobold Conjurer on Feb 7, 2018.
             Slain by a hobgoblin (4 damage)
             ... on level 1 of the Dungeon.
             The game lasted 00:00:22 (46 turns).

mhoghedin the Conjurer (Kobold Conjurer)              Turns: 46, Time: 00:00:23

Health: -2/10      AC:  2    Str:  5    XL:     1   Next: 22%
Magic:  0/3        EV: 15    Int: 16    God:
Gold:   0          SH:  0    Dex: 15    Spells: 3/4 levels left

rFire    . . .     SeeInvis .   (weapon restricted)
rCold    . . .     Gourm    .   (shield restricted)
rNeg     . . .     Faith    .   a - +0 robe
rPois    .         Spirit   .   (no helmet)
rElec    .         Reflect  .   (no cloak)
rCorr    .         Harm     .   (no gloves)
MR       .....                  (no boots)
Stlth    ++........             (no amulet)
HPRegen  0.03/turn              (no ring)
MPRegen  0.08/turn              (no ring)

@: no status effects
A: small, carnivore
a: no special abilities


You were on level 1 of the Dungeon.
You were not hungry.

You visited 1 branch of the dungeon, and saw 1 of its levels.

Inventory:

Armour
 a - a +0 robe (worn)
Books
 b - a book of Conjurations
Comestibles
 c - a ration


   Skills:
 - Level 2.4 Dodging
 - Level 2.6 Stealth
 + Level 2.2 Spellcasting
 + Level 4.0 Conjurations


You had 3 spell levels left.
You knew the following spells:

 Your Spells              Type           Power        Failure   Level  Hunger
a - Magic Dart            Conj           ##..         3%          1    #......


Dungeon Overview and Level Annotations

Branches:
Dungeon (1/15)

Altars:


Innate Abilities, Weirdness & Mutations

You are small and have problems with some larger weapons.
You are carnivorous and can eat meat at any time.


Message History

Welcome, mhoghedin the Kobold Conjurer.
It is said that the Orb of Zot exists deep within this dungeon.
Found a staircase leading out of the dungeon.
You enter the shallow water.
Moving in this stuff is going to be slow.
You enter the shallow water.
Moving in this stuff is going to be slow.
You open the door.
A kobold comes into view. It is wielding a short sword.
A kobold is nearby!
Aim: a kobold, wielding a short sword (resting)
The magic dart hits the kobold.
The kobold shouts!
A hobgoblin comes into view.
You now have 2/3 mp.
Aim: a kobold, wielding a short sword The magic dart hits the kobold.
The hobgoblin shouts!
The hobgoblin moves out of view.
You now have 1/3 mp.
Aim: a kobold, wielding a short sword (severely wounded)
The magic dart hits the kobold.
You kill the kobold!
You now have 0/3 mp.
You don't have enough magic to cast that spell.
The hobgoblin misses you.
There is an open door here.
You don't have enough magic to cast that spell.
The hobgoblin closely misses you.
You barely miss the hobgoblin. The hobgoblin barely misses you.
You completely miss the hobgoblin.
The hobgoblin hits you but does no damage.
You hit the hobgoblin but do no damage. The hobgoblin completely misses you.
You closely miss the hobgoblin. The hobgoblin closely misses you.
You hit the hobgoblin but do no damage. The hobgoblin barely misses you.
You hit the hobgoblin but do no damage. The hobgoblin misses you.
Aim: a hobgoblin The magic dart hits the hobgoblin.
The hobgoblin barely misses you.
You now have 0/3 mp.
You don't have enough magic to cast that spell.
You completely miss the hobgoblin. The hobgoblin hits you.
You take 3 damage, and have 7/10 hp.
MASSIVE DAMAGE!!
The hobgoblin barely misses you.
You completely miss the hobgoblin. The hobgoblin barely misses you.
You closely miss the hobgoblin. The hobgoblin closely misses you.
You hit the hobgoblin but do no damage. The hobgoblin misses you.
Aim: a hobgoblin The magic dart hits the hobgoblin.
The hobgoblin hits you.
You take 1 damage, and have 6/10 hp.
You now have 0/3 mp.
You closely miss the hobgoblin. The hobgoblin closely misses you.
You hit the hobgoblin but do no damage. The hobgoblin hits you.
* * * LOW HITPOINT WARNING * * *
You take 4 damage, and have 2/10 hp.
MASSIVE DAMAGE!!
The hobgoblin hits you.
You die...

. .# .. # #.
#####
###.##.##≈≈≈♣##
.......#≈≈≈♣..#
.......#♣♣♣.@###
....)..'....g.<#
.......#♣♣♣..###
.......#≈≈≈♣..#
(....!.##≈≈≈♣##
....... #####
....... .....#.
.....##


You could see a hobgoblin.

Vanquished Creatures
  A kobold (D:1)
1 creature vanquished.

Notes
Turn   | Place    | Note
-------+----------+-------------------------------------------
     0 | D:1      | mhoghedin the Kobold Conjurer began the quest for the Orb.
     0 | D:1      | Reached XP level 1. HP: 10/10 MP: 3/3
    45 | D:1      | HP: 2/10 [hobgoblin (4)]
    46 | D:1      | Slain by a hobgoblin

Vault maps used:
D:1:      saegor_arrival_simple_d, nrook_mini_backslash

Action                   || total
-------------------------++-------
Melee: Unarmed           ||    12
 Cast: Magic Dart        ||     5
Armor: Robe              ||     1
Dodge: Dodged            ||    13

Table legend:
 A = Spawn XP
 B = Non-spawn XP
 C = Spawn XP percentage of total XP
 D = Spawn monster count
 E = Non-spawn monster count
 F = Spawn count percentage of total count
 G = Total turns spent on level
                    A         B        C        D         E        F      G
               +---------+---------+-------+---------+---------+-------+---------
         Total |       0 |       2 |   0.0 |       0 |       1 |   0.0 |    46
               +---------+---------+-------+---------+---------+-------+---------
           D:1 |       0 |       2 |   0.0 |       0 |       1 |   0.0 |    46
               +---------+---------+-------+---------+---------+-------+---------

Vault maps used:
D:1:      saegor_arrival_simple_d, nrook_mini_backslash

Table legend:
 A = Turns spent in this place as a percentage of turns spent in the entire game.
 B = Non-inter-level travel turns spent in this place as a percentage of non-inter-level travel turns spent in the entire game.
 C = Inter-level travel turns spent in this place as a percentage of turns spent in this place.
 D = Turns resting spent in this place as a percentage of non-inter-level travel turns spent in this place.
 E = Turns spent auto-exploring this place as a percentage of non-inter-level travel turns spent in this place.
 F = Non-inter-level travel turns spent in this place divided by the number of levels of this place that you've seen.
                   A       B       C       D       E      F
               +-------+-------+-------+-------+-------+----------------------
         Total | 100.0 | 100.0 |   0.0 |   0.0 |  37.0 |  46.0
       Dungeon | 100.0 | 100.0 |   0.0 |   0.0 |  37.0 |  46.0
               +-------+-------+-------+-------+-------+----------------------

Table legend:
 A = Kills in this place as a percentage of kills in entire the game.
 B = Kills by you in this place as a percentage of kills by you in the entire game.
 C = Kills by friends in this place as a percentage of kills by friends in the entire game.
 D = Other kills in this place as a percentage of other kills in the entire game.
 E = Experience gained in this place as a percentage of experience gained in the entire game.
 F = Experience gained in this place divided by the number of levels of this place that you have seen.
                   A       B       C       D       E      F
               +-------+-------+-------+-------+-------+----------------------
         Total | 100.0 | 100.0 |   N/A |   N/A | 100.0 |   2.0
       Dungeon | 100.0 | 100.0 |   N/A |   N/A | 100.0 |   2.0
               +-------+-------+-------+-------+-------+----------------------
